 Dungeon Crawl Stone Soup version 0.31-a0-564-g3b7de120b3 (webtiles) character file.

Game seed: 10886945045146695859

88 avis the Scratcher (level 4, -4/19 HPs)
             Began as a Felid Shapeshifter on Aug 18, 2023.
             Killed by divine providence
             ... invoked by an orc priest
              (10 damage)
             ... on level 3 of the Dungeon.
             The game lasted 00:08:54 (1734 turns).

avis the Scratcher (Felid Shapeshifter)             Turns: 1734, Time: 00:08:54

Health: -4/19      AC:  1    Str: 17    XL:     4   Next: 29%
Magic:  5/5        EV: 19    Int:  9    God:
Gold:   89         SH:  0    Dex: 18    Spells: 3/3 levels left
                                        Lives:  0   Deaths: 1

rFire   . .          .
                       - Unarmed
rCold   + . .        (shield unavailable)
rNeg    . . .        (body armour unavailable)
rPois   .            (helmet unavailable)
rElec   .            (cloak unavailable)
rCorr   .            (gloves unavailable)
SInv    +            (boots unavailable)
Will    .....        (no amulet)
Stlth   ++           h - +6 ring of strength
HPRegen 0.23/turn    l - ring of protection from cold
MPRegen 0.09/turn

%: no passive effects
@: beast-form, quick
A: beast (slay +2), very small, claws 1, fangs 3, see invisible, speed 1, shaggy
fur 1, stealthy paws, no weapons or thrown items, no armour, multi-lived
a: Begin Untransformation


You were on level 3 of the Dungeon.
You were a hulking beast.
You visited 1 branch of the dungeon, and saw 3 of its levels.

You collected 89 gold pieces.

Inventory:

Jewellery
 h - a +6 ring of strength (left paw)
 l - a ring of protection from cold (right paw)
Talismans
 b - a beast talisman (active)
 c - a flux talisman
Scrolls
 d - 2 scrolls of identify {unknown}
 f - a scroll of vulnerability {unknown}
 g - a scroll of teleportation {unknown}
 i - a scroll of amnesia {unknown}
 k - 4 scrolls of revelation {unknown}
 n - a scroll of blinking {unknown}
Potions
 a - a potion of lignification
 e - a potion of heal wounds {unknown}
 j - 2 potions of brilliance {unknown}
 m - a potion of enlightenment {unknown}


   Skills:
 - Level 2.0 Fighting
 + Level 4.1 Dodging
 + Level 1.5 Stealth
 * Level 4.6 Unarmed Combat
 - Level 3.2 Shapeshifting


You had 3 spell levels left.
You didn't know any spells.
Your spell library contained the following spells:

 Spells                   Type           Power      Damage    Failure   Level
 Foxfire                  Conj/Fire      0%         2x1d4     38%         1
 Sandblast                Erth           0%         2d4       38%         1
 Ensorcelled Hibernation  Hex/Ice        0%         N/A       52%         2
 Passwall                 Tmut/Erth      0%         N/A       52%         2
 Stone Arrow              Conj/Erth      0%         3d7       77%         3
 Swiftness                Air            0%         N/A       77%         3
 Summon Ice Beast         Ice/Summ       0%         N/A       99%         4
 Summon Mana Viper        Hex/Summ       0%         N/A       100%        5
 Plasma Beam              Fire/Air       0%         2x1d10    100%        6
 Starburst                Conj/Fire      0%         6d3       100%        6
 Monstrous Menagerie      Summ           0%         N/A       100%        7


Dungeon Overview and Level Annotations

Branches:
Dungeon (3/15)

Altars:
Elyvilon
Ru

Shops:
D:3 =

Annotations:
D:2 Grinder


Innate Abilities, Weirdness & Mutations

You are a hulking beast.
Your limbs bulge with bestial killing power. (Slay +2)
You have sharp claws.
You have razor-sharp teeth.
You have supernaturally acute eyesight. (SInv)
You cover ground quickly. (Speed+)
You are covered in fur. (AC +1)
Your paws help you pounce on unaware monsters.
You are incapable of wielding weapons or throwing items.
You cannot wear armour.
You gain extra lives every three experience levels.


Message History

The adder hisses angrily.
You scratch the adder. You bite the adder.
You kill the adder!
You scratch the orc. You claw the orc.
You kill the orc!
Things that are here:
a +0 dagger; a +0 ring mail 2 orcs come into view.
Found a glowing gold wand.
An orc wizard comes into view. It is wielding a +0 dagger.
The orc wizard casts a spell.
The orc wizard flickers and vanishes for a moment.
The orc shouts!
You hear a shout!
The orc shouts!
You hear a shout!
The orc closely misses you. The orc hits you but does no damage.
An orc wizard comes into view. It is wielding a +0 dagger.
You see here a wand of iceblast (7).
You claw the orc!
You kill the orc!
An orc priest comes into view. It is wielding a +0 flail.
The orc priest shouts!
The orc wizard hits you with a +0 dagger.
You see here a +0 trident.
You scratch the orc wizard.
The orc wizard is moderately wounded.
The orc wizard barely misses you. The orc wizard closely misses you.
You see here a wand of iceblast (7).
You scratch the orc wizard.
The orc wizard is lightly wounded.
The orc priest invokes the aid of Beogh against you.
Beogh smites you!
Ouch! That really hurt!
The orc wizard hits you with a +0 dagger.
You scratch the orc wizard.
The orc wizard is heavily wounded.
The orc priest invokes the aid of Beogh against you.
Beogh smites you!
Ouch! That really hurt!
You die...

# ##8## #.#
#############.#
#.........##..#
#.(.......##.#####
#................#
......#.########.#
.>##..#)# #.#
...#..#.# #.#
##.#..#.# #h#
##.#..#.# #o#
.)....#.#......oo#
#.##.##........o..
#.#
.####.#####.###
... #. #.## #. ..#
#. ### #.


You could see an orc priest, 2 orc wizards and an orc.

Vanquished Creatures
  An orc wizard (D:3)
  5 adders
  2 dart slugs
  5 orcs (D:3)
  3 endoplasms
  2 giant cockroaches (D:1)
  4 goblins
  4 hobgoblins
  4 jackals (D:2)
  3 quokkas
  5 ball pythons
  5 bats
  7 frilled lizards
  6 kobolds
  3 rats
59 creatures vanquished.

Notes
Turn   | Place    | Note
-------+----------+-------------------------------------------
     0 | D:1      | avis the Felid Shapeshifter began the quest for the Orb.
     0 | D:1      | Reached XP level 1. HP: 9/9 MP: 2/2
   150 | D:1      | Reached XP level 2. HP: 12/12 MP: 3/3
   531 | D:2      | Reached XP level 3. HP: 15/15 MP: 4/4
   853 | D:2      | Found a white marble altar of Elyvilon.
   868 | D:2      | Reached XP level 4. HP: 19/19 MP: 5/5
  1370 | D:3      | Noticed Grinder
  1379 | D:2      | Killed from afar by Grinder
  1380 | D:2      | Reached XP level 3. HP: -1/16 MP: 4/4
  1432 | D:3      | Reached skill level 1 in Stealth
  1437 | D:3      | Reached XP level 4. HP: 17/19 MP: 5/5
  1511 | D:3      | Found Vati's Jewellery Emporium.
  1674 | D:3      | Found a sacrificial altar of Ru.
  1734 | D:3      | Killed from afar by an orc priest

Illustrated notes

Levels and vault maps discovered:
D:1:      psy_arrival_fountain, layout_rooms
D:2:      layout_loops_ring, basic_altar
D:3:      layout_basic, nicolae_overflow_hidden_temple,
          mainiacjoe_overflow_alcove_1, serial_shops, shop, uniq_grinder,
          uniq_natasha

Skill      XL: |  1  2  3 |
---------------+----------+-----
Dodging        | 3 4 |  4.1
Unarmed Combat | 4 |  4.6
Fighting       | 2 |  2.0
Stealth        | 1 |  1.5
Shapeshifting  | |  3.2

Action                     |  1- 3 |  4- 6 || total
---------------------------+-------+-------++-------
  Melee: Unarmed           |   104 |    38 ||   142
         Bite              |     9 |     4 ||    13
         Punch             |       |     2 ||     2
   Stab: Distracted        |     1 |       ||     1
         Sleeping          |       |     1 ||     1
 Armour: Skin              |     8 |     4 ||    12
  Dodge: Dodged            |    74 |    16 ||    90

Table legend: (Time is in decaauts)
 A = Elapsed time spent in this place.
 B = Non-inter-level travel time spent in this place.
 C = Inter-level travel time spent in this place.
 D = Time resting spent in this place.
 E = Time spent auto-exploring this place.
 F = Levels seen in this place.
 G = Mean time per level.
                   A        B        C        D        E       F      G
               +--------+--------+--------+--------+--------+-----+--------+
         Total |   1459 |   1352 |    107 |    148 |    749 |   3 |  486.3 |
       Dungeon |   1459 |   1352 |    107 |    148 |    749 |   3 |  486.3 |
               +--------+--------+--------+--------+--------+-----+--------+

Top non-repeatable levels by time:
     D:2: 778 daAuts
     D:1: 448 daAuts
     D:3: 232 daAuts
